 Dungeon Crawl Stone Soup version 0.28-a0-1415-g7c84da036a (webtiles) character file.

Game seed: 10154910041074545938

36113 Strat the Impaler (level 13, -3/106 HPs)
             Began as a Merfolk Wanderer on Jan 6, 2022.
             Was the Champion of Fedhas.
             Slain by an elephant (6 damage)
             ... on level 6 of the Lair of Beasts on Jan 7, 2022.
             The game lasted 00:46:09 (23665 turns).

Strat the Impaler (Merfolk Wanderer)               Turns: 23665, Time: 00:46:09

Health: -3/106     AC: 13    Str: 16    XL:     13   Next: 88%
Magic:  16/22      EV: 19    Int: 10    God:    Fedhas [******]
Gold:   1604       SH:  0    Dex: 16    Spells: 3/12 levels left

rFire   . . .      SeeInvis .   b - +0 glaive (vorpal)
rCold   . . .      Faith    .   (shield currently unavailable)
rNeg    . . .      Spirit   .   Q - +0 acid dragon scales
rPois   +          Reflect  .   c - +0 helmet
rElec   .          Harm     .   z - +0 cloak
rCorr   +          Rampage  .   u - +1 pair of gloves
Will    +....                   G - +0 pair of boots
Stlth   ++........              (no amulet)
HPRegen 0.27/turn               i - ring of willpower
MPRegen 0.18/turn               F - ring of poison resistance

@: mighty, freezing walls, studying Polearms
A: (nimble swimmer 2), mertail
a: Renounce Religion, Wall of Briars, Grow Ballistomycete, Overgrow, Grow Oklob


You were on level 6 of the Lair of Beasts.
You worshipped Fedhas.
Fedhas was exalted by your worship.
You visited 3 branches of the dungeon, and saw 18 of its levels.

You collected 1604 gold pieces.

Inventory:

Hand Weapons
 a - a +5 trident of flaming
 b - a +0 vorpal glaive (weapon)
 j - a +0 hunting sling
Missiles
 f - 60 poisoned darts (quivered)
 p - 470 stones
 w - 125 sling bullets
 x - 6 javelins
 y - 15 boomerangs
Armour
 c - a +0 helmet (worn)
 t - a +0 kite shield
 u - a +1 pair of gloves (worn)
 z - a +0 cloak (worn)
 G - a +0 pair of boots (worn)
 Q - +0 acid dragon scales (worn)
Jewellery
 d - a ring of fire
 e - a ring of wizardry
 i - a ring of willpower (left hand)
 v - a ring of magical power
 B - a ring of fire
 F - a ring of poison resistance (right hand)
 I - a ring of resist corrosion
 N - a +6 ring of intelligence
 T - an amulet of guardian spirit
Wands
 q - a wand of flame (39)
 L - a wand of polymorph (14)
 P - a wand of charming (5)
 U - a wand of iceblast (5)
Scrolls
 o - a scroll of magic mapping
 A - a scroll of fog
 H - 2 scrolls of immolation
 O - 2 scrolls of enchant weapon
 R - a scroll of teleportation
 V - a scroll of silence
Potions
 g - 3 potions of mutation
 h - a potion of magic
 k - 2 potions of cancellation
 l - 2 potions of attraction
 m - a potion of lignification
 n - 2 potions of curing
 s - a potion of invisibility
 D - a potion of ambrosia
 E - a potion of berserk rage {unknown}
 J - 5 potions of flight
 K - 3 potions of might
 M - 2 potions of brilliance {unknown}
Miscellaneous
 S - a box of beasts


   Skills:
 - Level 11.0 Fighting
 - Level 1.2 Short Blades
 + Level 18.9 Polearms
 - Level 5.0 Armour
 - Level 14.0 Dodging
 - Level 2.2 Stealth
 - Level 7.0 Ice Magic
 + Level 12.7 Invocations


You had 3 spell levels left.
You knew the following spells:

 Your Spells              Type           Power      Damage    Failure   Level
a - Apportation           Tloc           0%         N/A       45%         1
b - Freeze                Ice            56%        1d7       2%          1
c - Frozen Ramparts       Ice            28%        1d4       9%          3
d - Hailstorm             Conj/Ice       7%         3d4       75%         4

Your spell library contained the following spells:

 Spells                   Type           Power      Damage    Failure   Level
 Scorch                   Fire           0%         2d5       58%         2
 Inner Flame              Hex/Fire       0%         N/A       83%         3
 Cause Fear               Hex            0%         N/A       99%         4
 Flame Wave               Conj/Fire      0%         2d4       99%         4
 Fulminant Prism          Conj/Hex       0%         3d6       99%         4
 Iskenderun's Mystic Bla  Conj/Tloc      0%         2d3       99%         4
 Leda's Liquefaction      Hex/Erth       0%         N/A       99%         4
 Passage of Golubria      Tloc           0%         N/A       99%         4
 Alistair's Intoxication  Tmut/Pois      0%         N/A       100%        5
 Lee's Rapid Deconstruct  Erth           0%         3d5*      100%        5
 Silence                  Hex/Air        0%         N/A       100%        5
 Statue Form              Tmut/Erth      0%         N/A       100%        6
 Summon Cactus Giant      Summ           0%         N/A       100%        6
 Discord                  Hex            0%         N/A       100%        8
 Lehudib's Crystal Spear  Conj/Erth      0%         10d2      100%        8


Dungeon Overview and Level Annotations

Branches:
Dungeon (11/15)            Temple (1/1) D:4            Lair (6/6) D:8
  Swamp (0/4) Lair:3       Spider (0/4) Lair:2
  Slime: Lair:5-6       Orc: D:9-12

Altars:
Ashenzari
Cheibriados
Dithmenos
Elyvilon
Fedhas
Gozag
Hepliaklqana
Kikubaaqudgha
Makhleb
Nemelex Xobeh
Okawaru
Qazlal
Ru
Sif Muna
Trog
Uskayaw
Vehumet
Wu Jian
Xom
Yredelemnul
Zin
The Shining One
Beogh
Jiyva

Shops:
D:1 (

Annotations:
D:8 Erica
Lair:1 3 runed translucent doors, Afour's ghost, journeyman DjFE
Lair:5 3 runed translucent doors, Isouggaj's ghost, journeyman BaIE


Innate Abilities, Weirdness & Mutations

((You are very nimble when in or above water. (Stealth+, EV+, Speed+++)))
Your lower body shifts to a powerful aquatic tail in water.


Message History

You hold your ground!
The elephant misses you.
Okay, then.
You feel very mighty all of a sudden. The elephant closely misses you.
The elephant barely misses you. The lindwurm bites you!
* * * LOW HITPOINT WARNING * * *
The lindwurm completely misses you. The lindwurm claws you.
* * * LOW HITPOINT WARNING * * *
Casting: Frozen Ramparts (mildly dangerous; 9% risk of failure)
Confirm with . or Enter, or press ? or * to list all spells.
Casting: Frozen Ramparts (mildly dangerous; 9% risk of failure)
Press: ? - help, Dir - look around, f - activate The walls around you are covered in ice.
The wall freezes the elephant.
The elephant barely misses you. The elephant completely misses you.
The wall freezes the lindwurm.
The lindwurm completely misses you. The lindwurm misses you.
The lindwurm barely misses you.
You barely miss the lindwurm.
The lindwurm is lightly wounded.
The wall freezes the elephant.
The elephant tramples you.
* * * LOW HITPOINT WARNING * * *
You hold your ground!
The elephant misses you.
The wall freezes the lindwurm.
The lindwurm bites you!
* * * LOW HITPOINT WARNING * * *
The lindwurm claws you but does no damage.
The lindwurm closely misses you.
Unknown command.
Unknown command.
You slash the lindwurm!
The lindwurm is moderately wounded.
The wall freezes the elephant.
The elephant tramples you but does no damage.
The elephant trunk-slaps you but does no damage.
The wall freezes the lindwurm.
The lindwurm completely misses you. The lindwurm closely misses you.
The lindwurm barely misses you.
You slash the lindwurm!
The lindwurm is severely wounded.
The wall freezes the elephant.
The elephant tramples you.
You die...
Fedhas appreciates your contribution to the ecosystem.

## ### ### ..
####.#####@#
.#.#.#.#.#.#.#Y#k#.#.
.?....................
##.#.#.#.#.#.#.#.#.#.#
.......<÷...........
#.#k#.#†#.#.#.#.#.#.#
....Y.........##.....
#...##.#.......P# ....
##.P ####....PP.# ..


You could see an elephant and a lindwurm.

Vanquished Creatures
  Gastronok (Lair:1)
  Nessos (Lair:5)
  A hydra (D:11)
  4 death yaks
  2 two-headed ogres
  Urug (Lair:2)
  A cyclops (D:9)
  13 elephants
  2 black mambas
  6 cane toads
  Maggie (D:6)
  A gargoyle (D:11)
  5 komodo dragons
  2 rime drakes
  Psyche (D:9)
  2 trolls
  A hornet (Lair:4)
  A tyrant leech (Lair:3)
  3 blink frogs (Lair:1)
  A tarantella (Lair:2)
  A dream sheep (Lair:5)
  2 wyverns
  A spriggan (Lair:4)
  Eustachio (D:4)
  2 basilisks (Lair:3)
  40 yaks
  9 vampire mosquitoes
  3 swamp worms (Lair:3)
  An acid dragon (D:11)
  7 water moccasins
  A black bear (D:4)
  3 sky beasts (D:6)
  An ice beast (D:6)
  11 orc warriors
  2 necrophages
  10 centaurs
  32 wolves (Lair:4)
  Blork the orc (D:4)
  2 kobold brigands
  4 bullfrogs
  4 gnoll sergeants
  A wyvern zombie (D:8)
  2 scorpions
  A water moccasin zombie (D:5)
  A water moccasin skeleton (D:4)
  5 killer bees (D:7)
  2 vampire bats (D:6)
  9 wights
  5 centaur zombies
  3 hounds
  3 jellies
  7 orc priests
  A centaur skeleton (D:6)
  2 iguanas
  9 orc wizards
  A troll simulacrum (D:11)
  5 hell rats
  A spriggan simulacrum (D:11)
  A hound zombie (D:5)
  A howler monkey zombie (D:10)
  Robin (D:2)
  23 gnolls
  A howler monkey skeleton (D:7)
  9 adders
  3 white imps
  An adder skeleton (D:4)
  2 worms
  3 dart slugs
  49 orcs
  3 ball pythons
  2 bat skeletons (D:6)
  2 bat zombies (D:6)
  13 endoplasms
  5 giant cockroaches
  10 hobgoblins
  6 jackals (D:1)
  A quokka (D:2)
  4 bats
  3 frilled lizards
  15 goblins
  21 kobolds
  3 rats
  A spectral kobold (D:2)
429 creatures vanquished.

Vanquished Creatures (collateral kills)
  Harold (Lair:2)
1 creature vanquished.

Vanquished Creatures (others)
  An oklob plant (Lair:3)
  A cane toad (Lair:5)
  An orc wizard (D:6)
  A hell rat (Lair:6)
  64 fungi
  95 plants
163 creatures vanquished.

Grand Total: 593 creatures vanquished

Notes
Turn   | Place    | Note
-------+----------+-------------------------------------------
     0 | D:1      | Strat the Merfolk Wanderer began the quest for the Orb.
     0 | D:1      | Strat set off with the following items: a +2 spear, a +0
                  | short sword, a +0 helmet, a +0 leather armour
     0 | D:1      | Reached XP level 1. HP: 15/15 MP: 1/1
     0 | D:1      | Found Soecs's Antique Weapon Shoppe.
   116 | D:1      | Reached skill level 6 in Polearms
   121 | D:1      | Reached XP level 2. HP: 21/21 MP: 2/2
   420 | D:1      | Reached XP level 3. HP: 27/27 MP: 3/3
  1423 | D:2      | Noticed Robin
  1468 | D:2      | Found a faded altar of an unknown god.
  1537 | D:2      | Reached XP level 4. HP: 34/34 MP: 4/4
  1554 | D:2      | Reached skill level 7 in Polearms
  1948 | D:2      | Killed Robin
  2548 | D:3      | Found a shimmering blue altar of Sif Muna.
  2620 | D:3      | Reached XP level 5. HP: 35/39 MP: 5/5
  2667 | D:3      | Reached skill level 8 in Polearms
  2754 | D:3      | Found a white marble altar of Elyvilon.
  2958 | D:4      | Found a staircase to the Ecumenical Temple.
  2998 | Temple   | Entered the Ecumenical Temple
  3105 | Temple   | Became a worshipper of Fedhas Madash
  3136 | D:4      | Noticed Eustachio
  3269 | D:4      | Reached skill level 1 in Dodging
  3824 | D:4      | Noticed Blork the orc
  4069 | D:4      | Reached XP level 6. HP: 30/48 MP: 6/6
  4180 | D:4      | Learned a level 1 spell: Apportation
  4186 | D:4      | Noticed a black bear
  4221 | D:5      | Entered Level 5 of the Dungeon
  4325 | D:5      | Noticed an orc warrior
  4325 | D:5      | Noticed a shadow
  4336 | D:5      | Found a glowing golden altar of the Shining One.
  4654 | D:5      | Identified a scroll of acquirement
  4654 | D:5      | Acquired 425 gold pieces
  4843 | D:5      | Found a glowing silver altar of Zin.
  4872 | D:5      | Reached * piety under Fedhas
  4873 | D:5      | Reached skill level 9 in Polearms
  4873 | D:5      | Reached XP level 7. HP: 22/55 MP: 7/7
  5509 | D:5      | Reached skill level 5 in Fighting
  5706 | D:4      | Reached skill level 5 in Dodging
  5860 | D:4      | Killed Blork the orc
  5861 | D:4      | Reached skill level 10 in Polearms
  5861 | D:4      | Reached XP level 8. HP: 37/63 MP: 8/8
  6074 | D:4      | Killed Eustachio
  7173 | D:6      | Reached ** piety under Fedhas
  7174 | D:6      | Reached skill level 11 in Polearms
  7602 | D:6      | Noticed a yak
  7602 | D:6      | Noticed Maggie
  7633 | D:6      | Killed a yak
  7634 | D:6      | Reached XP level 9. HP: 61/69 MP: 9/9
  7707 | D:6      | Reached skill level 12 in Polearms
  7723 | D:6      | Killed Maggie
  7745 | D:6      | Reached skill level 13 in Polearms
  7758 | D:6      | Reached skill level 10 in Dodging
  7833 | D:6      | Found a bloodstained altar of Trog.
  7894 | D:6      | Reached skill level 14 in Polearms
  7915 | D:6      | Reached skill level 1 in Invocations
  8264 | D:6      | Found an ancient bone altar of Kikubaaqudgha.
  8433 | D:7      | Reached XP level 10. HP: 77/77 MP: 12/12
  8559 | D:7      | Reached *** piety under Fedhas
  8660 | D:7      | Learned a level 1 spell: Freeze
  8664 | D:7      | Learned a level 3 spell: Frozen Ramparts
  8669 | D:7      | Learned a level 4 spell: Hailstorm
  8879 | D:7      | Reached skill level 1 in Ice Magic
  9305 | D:8      | Noticed Erica
  9564 | D:8      | Found a shadowy altar of Dithmenos.
  9741 | D:8      | Found a hide-covered altar of Uskayaw.
  9771 | D:8      | Found a broken altar of Ashenzari.
 10105 | D:8      | Reached skill level 5 in Invocations
 10114 | D:8      | Found a staircase to the Lair.
 10265 | D:8      | Found a sparkling altar of Nemelex Xobeh.
 10315 | D:9      | Noticed a cyclops
 10383 | D:9      | Noticed Psyche
 10389 | D:9      | Killed a cyclops
 10392 | D:9      | Killed Psyche
 10392 | D:9      | Reached **** piety under Fedhas
 10631 | D:9      | Reached skill level 5 in Ice Magic
 10706 | D:9      | Reached XP level 11. HP: 72/89 MP: 14/14
 10811 | D:9      | Found a burning altar of Makhleb.
 11069 | D:10     | Entered Level 10 of the Dungeon
 11086 | D:10     | Identified the +1 robe of Hepliaklqana's Pride {rPois}
 11240 | D:10     | Identified the +4 scale mail "Gifu Vue" {rCorr MP+9 Dex+3}
 11426 | D:10     | Noticed a two-headed ogre
 11435 | D:10     | Killed a two-headed ogre
 11436 | D:10     | Reached skill level 10 in Fighting
 11713 | D:10     | Reached ***** piety under Fedhas
 12300 | D:11     | Noticed a two-headed ogre
 12308 | D:11     | Killed a two-headed ogre
 12652 | D:11     | Noticed a six-headed hydra
 12718 | D:11     | Found a frozen archway.
 12722 | D:11     | Noticed a boulder beetle
 13146 | D:11     | Killed a six-headed hydra
 13147 | D:11     | Reached skill level 5 in Armour
 13720 | D:11     | Reached XP level 12. HP: 82/97 MP: 17/17
 13963 | D:11     | Paralysed by a centaur for 5 turns
 14406 | D:11     | Noticed a radroach
 14406 | D:11     | a boulder beetle changed into a radroach
 14827 | Lair:1   | Entered Level 1 of the Lair of Beasts
 15238 | Lair:1   | Noticed Afour's ghost (journeyman DjFE)
 15244 | Lair:1   | Upgraded the game from 0.28-a0-1412-gf95308ed99 to
                  | 0.28-a0-1415-g7c84da036a
 15246 | Lair:1   | Found a runed translucent gate.
 15246 | Lair:1   | Found a runed translucent gate.
 15246 | Lair:1   | Found a runed translucent gate.
 15543 | Lair:1   | Noticed Gastronok
 15601 | Lair:1   | Killed Gastronok
 16734 | Lair:2   | Noticed Harold
 16778 | Lair:2   | Reached skill level 10 in Invocations
 16902 | Lair:2   | Noticed Urug
 16923 | Lair:2   | Killed Harold
 17206 | Lair:2   | Killed Urug
 17466 | Lair:2   | Found a hole to the Spider Nest.
 18353 | Lair:3   | Found a staircase to the Swamp.
 18768 | Lair:4   | Reached XP level 13. HP: 16/104 MP: 13/20
 19161 | Lair:4   | Reached ****** piety under Fedhas
 19469 | Lair:4   | Reached skill level 15 in Polearms
 20408 | Lair:3   | Reached skill level 16 in Polearms
 21843 | Lair:4   | Reached skill level 17 in Polearms
 22430 | Lair:5   | Found a runed translucent gate.
 22430 | Lair:5   | Found a runed translucent gate.
 22430 | Lair:5   | Noticed an azure jelly
 22431 | Lair:5   | Found a runed translucent gate.
 22431 | Lair:5   | Noticed a great orb of eyes
 22431 | Lair:5   | Noticed an azure jelly
 22432 | Lair:5   | Noticed an acid blob
 22432 | Lair:5   | Noticed a quicksilver ooze
 22432 | Lair:5   | Noticed Isouggaj's ghost (journeyman BaIE)
 22432 | Lair:5   | Noticed an azure jelly
 22432 | Lair:5   | Noticed an azure jelly
 22433 | Lair:5   | Noticed an azure jelly
 22434 | Lair:5   | Noticed an acid blob
 22434 | Lair:5   | Noticed an azure jelly
 22434 | Lair:5   | Noticed an acid blob
 22436 | Lair:5   | Found a viscous altar of Jiyva.
 22823 | Lair:5   | Noticed Nessos
 22841 | Lair:5   | Killed Nessos
 22842 | Lair:5   | Reached skill level 18 in Polearms
 23067 | Lair:6   | Entered Level 6 of the Lair of Beasts
 23663 | Lair:6   | HP: 2/106 [lindwurm (14)]
 23665 | Lair:6   | Slain by an elephant

Illustrated notes

Levels and vault maps discovered:
D:1:      minmay_arrival_loop, layout_loops_cross, serial_shops,
          nicolae_shop_overgrown_old_shop
D:2:      layout_basic, dreamdust_ecumenical_altar_drowned_temple,
          minmay_crystal_room, minmay_hedge_maze, uniq_robin
D:3:      layout_rooms, mainiacjoe_overflow_six_doors_small,
          mainiacjoe_overflow_paths, minmay_door_square
D:4:      layout_cave_pools, minmay_temple_entry_junction_2,
          minmay_tree_intersection, uniq_blork_the_orc, uniq_eustachio
D:5:      layout_basic, amcnicky_altar_gilded, lemuel_round_altar,
          minmay_chambers_of_fives
D:6:      layout_basic, lemuel_doored_altar, kennysheep_vampire_church,
          hangedman_decor_clover_reticule, uniq_maggie
D:7:      layout_loops_ring, st_stairs_7
D:8:      layout_basic, marbit_many_paths, grunt_temple_overflow_open,
          lair_entry_dummy, nicolae_fountain_basement, uniq_erica
D:9:      layout_loops_ring, overflow_temple_1_default, uniq_psyche
D:10:     layout_loops_cross
D:11:     layout_basic, special_room [special_room_orc],
          portal_ice_cave_entry_ice_simulacra
Temple:   jpeg_temple_clearing
Lair:1:   layout_roguey, gammafunk_ghost_split,
          grunt_forest_small_clearing_treed, uniq_gastronok
Lair:2:   layout_long_grid, spider_nest_entry_rubble, uniq_harold, uniq_urug
Lair:3:   layout_chaotic_city, minmay_swamp_entry_worms, grunt_megastairs_5
Lair:4:   layout_cellular_growth, grunt_forest_large_clearings
Lair:5:   dpeg_oklob_shooting_range, layout_big_grid, gammafunk_ghost_ooze,
          st_stairs_11, uniq_nessos
Lair:6:   minmay_lair_end_frog_pond, layout_loops_ring, minmay_slime_entry_eyes,
          st_stairs_13

Skill      XL: |  1  2  3  4  5  6  7  8  9 10 11 12 13 |
---------------+----------------------------------------+-----
Polearms       | 6 7 8 9 10 11 14 18 | 18.9
Fighting       | 2 3 4 5 6 9 10 11 | 11.0
Dodging        | 2 3 5 8 10 11 14 | 14.0
Invocations    | 2 5 7 10 12 | 12.7
Ice Magic      | 5 6 7 |  7.0
Armour         | 5 |  5.0
Short Blades   | |  1.2
Stealth        | |  2.2

Action                   |  1- 3 |  4- 6 |  7- 9 | 10-12 | 13-15 || total
-------------------------+-------+-------+-------+-------+-------++-------
Melee: Spear             |   102 |   142 |       |       |       ||   244
       Trident           |       |    60 |   316 |   744 |       ||  1120
       Punch             |       |     6 |     5 |     8 |       ||    19
       Glaive            |       |       |       |    43 |   317 ||   360
 Fire: Hunting sling     |    14 |    24 |    38 |       |       ||    76
Throw: Dart              |       |     1 |       |       |       ||     1
 Cast: Frozen Ramparts   |       |       |       |    27 |    24 ||    51
Invok: Grow Oklob        |       |       |       |     1 |       ||     1
Evoke: Wand              |       |     1 |     9 |    11 |       ||    21
  Use: Scroll            |       |     9 |     4 |    23 |     6 ||    42
       Potion            |       |       |     1 |    11 |     5 ||    17
 Stab: Sleeping          |     5 |     8 |     4 |     5 |       ||    22
       Distracted        |       |       |       |     1 |     2 ||     3
       Invisible         |       |       |       |       |     1 ||     1
Armor: Leather armour    |    26 |    35 |    56 |       |       ||   117
       Steam dragon scal |       |       |     5 |    53 |       ||    58
       Acid dragon scale |       |       |       |    72 |    88 ||   160
Dodge: Dodged            |    32 |    83 |   149 |   484 |   299 ||  1047

Table legend: (Time is in decaauts)
 A = Elapsed time spent in this place.
 B = Non-inter-level travel time spent in this place.
 C = Inter-level travel time spent in this place.
 D = Time resting spent in this place.
 E = Time spent auto-exploring this place.
 F = Levels seen in this place.
 G = Mean time per level.
                   A        B        C        D        E       F      G
               +--------+--------+--------+--------+--------+-----+--------+
         Total |  23193 |  22412 |    781 |   6434 |  10840 |  18 | 1288.5 |
       Dungeon |  14316 |  13829 |    487 |   3590 |   6762 |  11 | 1301.5 |
        Temple |    117 |    108 |      9 |      0 |     65 |   1 |  117.0 |
          Lair |   8759 |   8474 |    285 |   2844 |   4012 |   6 | 1459.8 |
               +--------+--------+--------+--------+--------+-----+--------+

Top non-repeatable levels by time:
  Lair:2: 2467 daAuts
  Lair:4: 2080 daAuts
    D:11: 1989 daAuts
     D:5: 1833 daAuts
    D:10: 1576 daAuts
  Lair:3: 1533 daAuts
     D:6: 1476 daAuts
     D:4: 1452 daAuts
     D:7: 1359 daAuts
     D:2: 1333 daAuts
  Lair:5: 1320 daAuts
  Lair:1: 1284 daAuts
     D:3: 1001 daAuts
     D:1: 956 daAuts
     D:9: 741 daAuts
